 Dungeon Crawl Stone Soup version 0.29-a0-517-gbdf32494f2 (webtiles) character file.

Game seed: 12193319794940493520

183 purpskrrrp the Shield-Bearer (level 5, -2/42 HPs)
             Began as a Formicid Fighter on May 30, 2022.
             Was an Initiate of Ashenzari.
             Slain by a salamander (shapeshifter) (8 damage)
             ... on level 3 of the Dungeon.
             The game lasted 00:10:49 (2721 turns).

purpskrrrp the Shield-Bearer (Formicid Fighter)     Turns: 2721, Time: 00:10:50

Health: -2/42      AC:  9    Str: 22    XL:     5   Next: 94%
Magic:  5/5        EV: 11    Int:  8    God:    Ashenzari [......]
Gold:   117        SH: 12    Dex: 10    Spells: 4/4 levels left

rFire   . . .      SeeInvis +   r - +2 quarterstaff (chaos)
rCold   . . .      Faith    .   k - +0 tower shield
rNeg    . . .      Spirit   .   b - +0 scale mail
rPois   .          Reflect  .   (helmet unavailable)
rElec   .          Harm     .   q - +0 cloak
rCorr   .          Rampage  .   h - +0 pair of gloves
Will    .....                   (no boots)
Stlth   ..........              (no amulet)
HPRegen 0.14/turn               f - +4 ring of evasion
MPRegen 0.09/turn               (no ring)

@: mighty
A: permanent stasis, dig shafts and tunnels, antennae 3, four strong arms
a: Dig, Shaft Self, Renounce Religion


You were on level 3 of the Dungeon.
You worshipped Ashenzari.
Ashenzari was noncommittal.
You visited 1 branch of the dungeon, and saw 3 of its levels.

You collected 117 gold pieces.

Inventory:

Hand Weapons
 a - a +0 quarterstaff
 r - a +2 quarterstaff of chaos (weapon)
Armour
 b - a +0 scale mail (worn)
 h - a +0 pair of gloves (worn)
 k - a +0 tower shield (worn)
 q - a +0 cloak (worn)
Jewellery
 f - a +4 ring of evasion (left hand)
Scrolls
 c - a scroll of immolation {unknown}
 e - a scroll of teleportation {unknown}
 i - a scroll of enchant armour {unknown}
 j - a scroll of magic mapping {unknown}
 m - 3 scrolls of identify {unknown}
 n - 2 scrolls of brand weapon {unknown}
 p - a scroll of acquirement {unknown}
 s - a scroll of fear {unknown}
Potions
 d - 2 potions of might
 g - a potion of curing
 l - 2 potions of heal wounds {unknown}
 o - 2 potions of magic {unknown}


   Skills:
 + Level 4.0 Fighting
 + Level 3.5 Staves
 + Level 4.0 Armour
 + Level 1.1 Dodging
 + Level 1.4 Stealth
 + Level 5.1 Shields


You had 4 spell levels left.
You didn't know any spells.
Your spell library contained the following spells:

 Spells                   Type           Power      Damage    Failure   Level
 Foxfire                  Conj/Fire      0%         2x1d4     100%        1
 Conjure Flame            Conj/Fire      0%         6-21      100%        3
 Inner Flame              Hex/Fire       0%         N/A       100%        3
 Cause Fear               Hex            0%         N/A       100%        4
 Flame Wave               Conj/Fire      0%         2d4       100%        4
 Discord                  Hex            0%         N/A       100%        8


Dungeon Overview and Level Annotations

Branches:
Dungeon (3/15)

Altars:
Ashenzari


Innate Abilities, Weirdness & Mutations

You cannot be hasted, slowed, berserked, paralysed or teleported.
You can dig through walls and to a lower floor.
You have a pair of large antennae on your head. (SInv)
Your four strong arms can wield two-handed weapons with a shield.


Message History

The salamander is poisoned.
The salamander is heavily wounded.
The gnoll barely misses you. You block the gnoll's attack. x2
The gnoll hits you but does no damage. The gnoll barely misses you. x2
The salamander hits the gnoll with a +0 club.
The gnoll is engulfed in flames!
The gnoll is killed!
The salamander hits itself with a +0 club!
The gnoll hits you from afar with a +0 spear.
The gnoll closely misses you.
You sock the salamander!
The salamander is almost dead.
The gnoll hits you from afar with a +0 spear.
You block the gnoll's attack. The salamander hits you with a +0 club.
You are engulfed in flames!
* * * LOW HITPOINT WARNING * * *
The gnoll attacks as you move away! The gnoll hits you with a +0 spear.
* * * LOW HITPOINT WARNING * * *
The salamander changes into a yak!
The gnoll closely misses you. You block the gnoll's attack.
There is an open door here.
The yak changes into a salamander!
You see here a +0 club.
There is a large open door here.
You feel very mighty all of a sudden.
It was a potion of curing.
You feel better.
The gnoll hits you from afar with a +0 spear.
You feel better. The gnoll hits you but does no damage.
You hit the gnoll. You drain the gnoll.
The gnoll is heavily wounded.
You block the gnoll's attack. The gnoll hits you but does no damage.
You sock the gnoll!
You kill the gnoll!
The gnoll misses you. The salamander hits you!
You are engulfed in flames!
* * * LOW HITPOINT WARNING * * *
The gnoll barely misses you.
You closely miss the salamander.
The salamander is almost dead.
The salamander hits you!
You die...

#####...##........<....
#...##))...........
.############...........).
..........................
..........................
.≈≈≈≈≈....≈≈.≈≈≈[≈.≈..≈≈≈≈
≈≈≈≈≈≈.....≈≈≈≈≈≈≈≈≈≈≈≈≈≈≈
≈≈≈≈≈≈.....≈≈≈≈≈≈≈≈≈≈≈≈≈≈≈
≈≈≈≈≈....@.≈≈≈≈≈≈≈≈≈≈≈≈≈≈≈
##############'N#################
....#)......#..g{# {{ .....##
....')......#..).# {{ ......#
....#########..).#########?......
#..)....)))#.))...#....{.........
#......)))))......'..............
#).).....).#......#{......)......
))..#########....#########)......


You could see a salamander shaped shifter and a gnoll.

Vanquished Creatures
  Crazy Yiuf (D:2)
  Robin (D:2)
  4 gnolls (D:3)
  An adder (D:2)
  4 endoplasms
  4 giant cockroaches
  22 goblins
  20 hobgoblins
  11 jackals (D:1)
  A quokka (D:1)
  3 ball pythons
  3 frilled lizards
  4 kobolds
  5 rats
84 creatures vanquished.

Notes
Turn   | Place    | Note
-------+----------+-------------------------------------------
     0 | D:1      | purpskrrrp the Formicid Fighter began the quest for the
                  | Orb.
     0 | D:1      | Reached XP level 1. HP: 18/18 MP: 1/1
   158 | D:1      | Reached XP level 2. HP: 22/24 MP: 2/2
   171 | D:1      | Reached skill level 1 in Stealth
   410 | D:1      | Reached XP level 3. HP: 29/29 MP: 3/3
  1152 | D:2      | Found a faded altar of an unknown god.
  1267 | D:2      | Found a broken altar of Ashenzari.
  1282 | D:2      | Reached XP level 4. HP: 35/37 MP: 4/4
  1328 | D:2      | Became a worshipper of Ashenzari the Shackled
  1358 | D:2      | Found a runed translucent door.
  1359 | D:2      | Noticed Crazy Yiuf
  1587 | D:2      | Noticed Robin
  1610 | D:2      | Killed Robin
  2053 | D:2      | Killed Crazy Yiuf
  2054 | D:2      | Reached XP level 5. HP: 34/42 MP: 5/5
  2178 | D:3      | Reached skill level 1 in Dodging
  2513 | D:3      | Reached skill level 5 in Shields
  2696 | D:3      | Noticed a shapeshifter
  2696 | D:3      | a goblin changed into a shapeshifter
  2696 | D:3      | Noticed a salamander
  2696 | D:3      | a shapeshifter changed into a salamander
  2703 | D:3      | Noticed a yak
  2703 | D:3      | a salamander changed into a yak
  2712 | D:3      | Noticed a salamander
  2712 | D:3      | a yak changed into a salamander
  2721 | D:3      | Slain by a salamander (shapeshifter)

Illustrated notes

Levels and vault maps discovered:
D:1:      wander_arrival_lonely_grave, layout_basic
D:2:      layout_loops_ring, basic_altar,
          hellmonk_ecumenical_altar_heavens_door, grunt_decor_cap, uniq_robin,
          uniq_crazy_yiuf_cottage
D:3:      minmay_goblin_kobold_castle, layout_rooms, kennysheep_nub,
          minmay_starry_boxes

Skill      XL: |  1  2  3  4  5 |
---------------+----------------+-----
Stealth        | 1 |  1.4
Staves         | 3 |  3.5
Dodging        | 1 |  1.1
Armour         | 4 |  4.0
Fighting       | 4 |  4.0
Shields        | 5 |  5.1

Action                   |  1- 3 |  4- 6 || total
-------------------------+-------+-------++-------
Melee: Quarterstaff      |    83 |   119 ||   202
  Use: Potion            |       |     3 ||     3
Armor: Scale mail        |    43 |    60 ||   103
Dodge: Dodged            |    42 |    79 ||   121
Block: Buckler           |    15 |       ||    15
       Tower shield      |       |   142 ||   142

Table legend: (Time is in decaauts)
 A = Elapsed time spent in this place.
 B = Non-inter-level travel time spent in this place.
 C = Inter-level travel time spent in this place.
 D = Time resting spent in this place.
 E = Time spent auto-exploring this place.
 F = Levels seen in this place.
 G = Mean time per level.
                   A        B        C        D        E       F      G
               +--------+--------+--------+--------+--------+-----+--------+
         Total |   2788 |   2624 |    164 |    433 |   1530 |   3 |  929.3 |
       Dungeon |   2788 |   2624 |    164 |    433 |   1530 |   3 |  929.3 |
               +--------+--------+--------+--------+--------+-----+--------+

Top non-repeatable levels by time:
     D:2: 1185 daAuts
     D:1: 995 daAuts
     D:3: 607 daAuts
